 Dungeon Crawl Stone Soup version 0.28.0-1-gb440e238dd (webtiles) character file.

Game seed: 7726135586780120679

9718 Dirian the Cleaver (level 11, -19/97 HPs)
             Began as a Hill Orc Wanderer on Feb 20, 2022.
             Was a Priest of Nemelex Xobeh.
             Demolished by Snorg (20 damage)
             ... on level 10 of the Dungeon.
             The game lasted 00:24:07 (15392 turns).

Dirian the Cleaver (Hill Orc Wanderer)             Turns: 15392, Time: 00:24:07

Health: -19/97     AC: 31    Str: 21    XL:     11   Next: 50%
Magic:  16/16      EV: 12    Int: 10    God:    Nemelex Xobeh [***...]
Gold:   721        SH:  6    Dex: 15    Spells: 10/10 levels left

rFire   + . .      SeeInvis .   s - +0 war axe (protect)
rCold   . . .      Faith    .   c - +0 buckler
rNeg    . . .      Spirit   .   i - +2 chain mail {rF+}
rPois   .          Reflect  .   (no helmet)
rElec   .          Harm     .   (no cloak)
rCorr   .          Rampage  .   x - +2 pair of gloves
Will    .....                   a - +1 pair of boots
Stlth   ..........              (no amulet)
HPRegen 0.26/turn               l - +4 ring of evasion
MPRegen 0.15/turn               g - +4 ring of protection

@: under a protective aura, studying Armour
A: agile 1, strong 1, MP-powered wands
a: Renounce Religion, Draw Escape, Draw Destruction, Draw Summoning, Triple Draw


You were on level 10 of the Dungeon.
You worshipped Nemelex Xobeh.
Nemelex Xobeh was most pleased with you.
You visited 2 branches of the dungeon, and saw 11 of its levels.
You also visited: Ossuary.

You collected 721 gold pieces.

Inventory:

Hand Weapons
 s - a +0 war axe of protection (weapon)
 u - a +0 war axe
 D - a +2 hand axe of flaming
Missiles
 m - 5 throwing nets (quivered)
Armour
 a - a +1 pair of boots (worn)
 c - a +0 buckler (worn)
 i - a +2 chain mail of fire resistance (worn)
 k - a +2 chain mail of poison resistance
 x - a +2 pair of gloves (worn)
Jewellery
 g - a +4 ring of protection (right hand)
 l - a +4 ring of evasion (left hand)
 B - a ring of resist corrosion
Wands
 e - a wand of flame (10)
 n - a wand of paralysis (11)
 y - a wand of iceblast (15)
Scrolls
 j - a scroll of fear {unknown}
 r - 3 scrolls of identify
 t - 2 scrolls of teleportation
 z - 2 scrolls of blinking
 A - a scroll of magic mapping
 C - 2 scrolls of fog
Potions
 b - a potion of ambrosia
 d - a potion of might
 f - 2 potions of mutation
 h - 2 potions of attraction
 o - a potion of magic
 p - 3 potions of flight
 q - 9 potions of curing
 w - a potion of heal wounds


   Skills:
 + Level 9.1 Fighting
 - Level 2.0 Short Blades
 * Level 13.6 Axes
 + Level 11.0 Armour
 + Level 8.6 Shields
 * Level 7.1 Invocations


You had 10 spell levels left.
You didn't know any spells.
Your spell library contained the following spells:

 Spells                   Type           Power      Damage    Failure   Level
 Animate Skeleton         Necr           0%         N/A       96%         1
 Apportation              Tloc           0%         N/A       96%         1
 Sandblast                Erth           0%         2d4       96%         1
 Slow                     Hex            0%         N/A       96%         1
 Summon Small Mammal      Summ           0%         N/A       96%         1
 Blink                    Tloc           0%         N/A       99%         2
 Passwall                 Tmut/Erth      0%         N/A       99%         2
 Confusing Touch          Hex            0%         N/A       100%        3
 Lesser Beckoning         Tloc           0%         N/A       100%        3
 Portal Projectile        Hex/Tloc       0%         N/A       100%        3
 Stone Arrow              Conj/Erth      0%         3d7       100%        3
 Tukima's Dance           Hex            0%         N/A       100%        3
 Vampiric Draining        Necr           0%         2d6       100%        3
 Anguish                  Hex/Necr       0%         N/A       100%        4
 Animate Armour           Summ/Erth      0%         N/A       100%        4
 Blade Hands              Tmut           0%         N/A       100%        5
 Excruciating Wounds      Necr           0%         N/A       100%        5
 Manifold Assault         Tloc           0%         N/A       100%        5
 Enfeeble                 Hex            0%         N/A       100%        7
 Lehudib's Crystal Spear  Conj/Erth      0%         10d2      100%        8


Dungeon Overview and Level Annotations

Branches:
Dungeon (10/15)            Temple (1/1) D:6            Lair (0/6) D:10
Ossuary (visited)
    Orc: D:9-12

Altars:
Ashenzari
Cheibriados
Dithmenos
Elyvilon
Fedhas
Gozag
Hepliaklqana
Kikubaaqudgha
Makhleb
Nemelex Xobeh
Okawaru
Qazlal
Ru
Sif Muna
Trog
Vehumet
Wu Jian
Xom
Yredelemnul
Zin
The Shining One

Shops:
D:8 *

Annotations:
D:9 2 runed translucent doors
D:10 Snorg


Innate Abilities, Weirdness & Mutations

You are agile. (Dex +2)
Your muscles are strong. (Str +2)
You expend magic power (3 MP) to strengthen your wands.


Message History

Snorg bites you but does no damage. Snorg claws you. You block Snorg's attack.
You completely miss Snorg.
Snorg is moderately wounded.
Snorg completely misses you. Snorg claws you but does no damage.
Snorg barely misses you.
You slash Snorg!
Snorg is heavily wounded.
Snorg goes berserk!
You slash Snorg!
Snorg is heavily wounded.
Snorg bites you but does no damage. Snorg claws you! You block Snorg's attack.
You slash Snorg!
Snorg is severely wounded.
Snorg bites you!! Snorg claws you but does no damage. Snorg barely misses you.
You hit Snorg.
Snorg is severely wounded.
Snorg misses you. Snorg claws you but does no damage. x2
You slash Snorg!
Snorg is severely wounded.
You block Snorg's attack. x2; Snorg closely misses you. x2
Snorg claws you but does no damage. Snorg claws you!
* * * LOW HITPOINT WARNING * * *
You hit Snorg.
Snorg is severely wounded.
Snorg closely misses you. Snorg barely misses you.
Snorg claws you but does no damage.
You hit Snorg but do no damage.
Snorg is severely wounded.
Snorg bites you but does no damage. Snorg claws you!
* * * LOW HITPOINT WARNING * * *
You block Snorg's attack.
You barely miss Snorg.
Snorg is severely wounded.
Snorg bites you!
* * * LOW HITPOINT WARNING * * *
You block Snorg's attack. Snorg claws you!
* * * LOW HITPOINT WARNING * * *
Snorg bites you!!
You die...
Your body glows slightly and disappears.

..................#
..###############.#
..# #.# ..# #.#
..###############.#
..................#
..................#
.....######.......#
.....# #..)..@.#
###..# #.#####T# #
#..# #.# #.# # #..#
#.# #.# ###..# #.#
#.# .<...# #.# #.#
.....# #.# #.#
###### ### ..# #..#


You could see Snorg (berserk).

Vanquished Creatures
  A fire dragon (D:10)
  Erolcha (D:10)
  A two-headed ogre (D:9)
  Nergalle (D:10)
  A shining eye (D:9)
  Maggie (D:6)
  Joseph (D:7)
  An unseen horror (D:10)
  A shadow (D:6)
  2 wraiths
  4 yaks (D:10)
  A steam dragon (D:9)
  4 water moccasins
  4 orc warriors
  2 black bears
  2 necrophages
  2 ice beasts
  3 ogres
  2 centaurs
  A phantom (D:5)
  2 kobold brigands (D:8)
  3 bullfrogs
  A wyvern zombie (D:8)
  A gnoll sergeant (D:10)
  3 scorpions
  3 killer bees (D:8)
  2 howler monkeys
  8 wights
  3 centaur zombies
  A crimson imp (D:3)
  A bullfrog zombie (D:5)
  A jelly (D:4)
  8 orc priests
  3 hounds
  2 gnoll shamans (D:6)
  Terence (D:2)
  3 iguanas
  4 orc wizards
  A hound skeleton (D:4)
  13 mummies
  3 howler monkey zombies
  15 gnolls
  4 adders
  A shadow imp (D:6)
  2 white imps
  3 adder skeletons
  3 worms
  3 dart slugs
  37 orcs
  9 ball pythons
  7 bats
  8 endoplasms
  A giant cockroach (D:2)
  9 goblins
  9 hobgoblins
  10 kobolds
  2 quokkas
  5 frilled lizards
  A gnoll skeleton (Ossuary)
  3 goblin skeletons
  A goblin zombie (D:3)
  3 hobgoblin zombies
  5 kobold skeletons
  2 kobold zombies (D:3)
  2 orc skeletons (Ossuary)
  An orc zombie (D:3)
  7 rats
  11 rat skeletons (Ossuary)
267 creatures vanquished.

Vanquished Creatures (collateral kills)
  Fannar (D:10)
1 creature vanquished.

Vanquished Creatures (others)
  A howler monkey (D:9)
  2 orc wizards
  4 plants (D:6)
7 creatures vanquished.

Grand Total: 275 creatures vanquished

Notes
Turn   | Place    | Note
-------+----------+-------------------------------------------
     0 | D:1      | Dirian the Hill Orc Wanderer began the quest for the Orb.
     0 | D:1      | Dirian set off with the following items: a +0 short sword,
                  | a +0 chain mail, a +0 buckler
     0 | D:1      | Reached XP level 1. HP: 16/16 MP: 1/1
    59 | D:1      | Reached skill level 1 in Axes
   142 | D:1      | Reached XP level 2. HP: 13/23 MP: 2/2
   996 | D:2      | Reached skill level 2 in Axes
   996 | D:2      | Reached XP level 3. HP: 12/29 MP: 3/3
  1404 | D:2      | Noticed Terence
  1423 | D:2      | Killed Terence
  1424 | D:2      | Reached skill level 3 in Axes
  1424 | D:2      | Reached XP level 4. HP: 32/36 MP: 4/4
  2134 | D:3      | Reached XP level 5. HP: 38/42 MP: 5/5
  2200 | D:3      | Found a glowing golden altar of the Shining One.
  2428 | D:3      | Reached skill level 4 in Axes
  3175 | D:4      | Found a sand-covered staircase.
  3249 | Ossuary  | Entered an ossuary
  3281 | Ossuary  | Reached XP level 6. HP: 22/48 MP: 6/6
  4100 | Ossuary  | Reached skill level 5 in Axes
  4703 | D:4      | Reached XP level 7. HP: 42/57 MP: 7/7
  4854 | D:4      | Found a sacrificial altar of Ru.
  4995 | D:4      | Reached skill level 6 in Axes
  5587 | D:4      | Reached skill level 7 in Axes
  5587 | D:4      | Reached XP level 8. HP: 39/65 MP: 8/8
  6273 | D:5      | Entered Level 5 of the Dungeon
  6293 | D:5      | Reached skill level 5 in Fighting
  6293 | D:5      | Reached skill level 5 in Shields
  6330 | D:5      | Noticed a wraith
  6697 | D:5      | Reached skill level 8 in Axes
  7155 | D:5      | Noticed a shadow
  7601 | D:6      | Killed a shadow
  8036 | D:6      | Reached skill level 9 in Axes
  8106 | D:6      | Reached XP level 9. HP: 56/67 MP: 9/9
  8106 | D:6      | Noticed Maggie
  8182 | D:6      | Killed Maggie
  8458 | D:6      | Reached skill level 10 in Axes
  8744 | D:6      | Found a staircase to the Ecumenical Temple.
  8827 | Temple   | Entered the Ecumenical Temple
  8944 | Temple   | Became a worshipper of Nemelex Xobeh the Trickster
  9039 | D:6      | Gained mutation: You are weak. (Str -2) [potion of
                  | mutation]
  9039 | D:6      | Gained mutation: You are agile. (Dex +2) [potion of
                  | mutation]
  9039 | D:6      | Gained mutation: You expend magic power (3 MP) to
                  | strengthen your wands. [potion of mutation]
  9039 | D:6      | Gained mutation: You are partially covered in iridescent
                  | scales. (AC +2) [potion of mutation]
 10249 | D:5      | Reached * piety under Nemelex Xobeh
 10270 | D:5      | Identified the +4 mace of Dishonour {antimagic, Dex+3}
 10314 | D:5      | Reached skill level 11 in Axes
 10373 | D:5      | Reached XP level 10. HP: 34/86 MP: 10/10
 10799 | D:7      | Noticed Joseph
 11034 | D:7      | Killed Joseph
 11510 | D:7      | Received a gift from Nemelex Xobeh
 11718 | D:8      | Reached skill level 1 in Invocations
 11810 | D:8      | Reached skill level 12 in Axes
 11889 | D:8      | Found a basalt altar of Yredelemnul.
 11927 | D:8      | Found Xoram's Overcharged Wands.
 11945 | D:8      | Reached ** piety under Nemelex Xobeh
 12139 | D:8      | Identified the +2 ring mail of the Harvest {Rampage *Slow
                  | Will+ Int+7}
 13149 | D:9      | Noticed a two-headed ogre
 13154 | D:9      | Killed a two-headed ogre
 13175 | D:9      | Found a large runed translucent door.
 13175 | D:9      | Found a large runed translucent door.
 13175 | D:9      | Found a shimmering altar of Xom.
 13175 | D:9      | Noticed a cyan ugly thing
 13323 | D:9      | Reached skill level 10 in Armour
 13539 | D:9      | Identified the +9 dagger of Dullness {chaos, Int+6 SInv}
 13539 | D:9      | Noticed a kobold demonologist
 13725 | D:9      | Noticed a kobold demonologist
 13874 | D:9      | Noticed Harold
 13882 | D:9      | Noticed Harold
 13882 | D:9      | Harold changed into Harold the shining eye
 13885 | D:9      | Killed Harold the shining eye
 14057 | D:9      | Lost mutation: You are weak. (Str -2) [potion of mutation]
 14057 | D:9      | Lost mutation: You are partially covered in iridescent
                  | scales. (AC +2) [potion of mutation]
 14057 | D:9      | Lost mutation: You expend magic power (3 MP) to strengthen
                  | your wands. [potion of mutation]
 14057 | D:9      | Gained mutation: Your muscles are strong. (Str +2) [potion
                  | of mutation]
 14057 | D:9      | Gained mutation: You expend magic power (3 MP) to
                  | strengthen your wands. [potion of mutation]
 14094 | D:10     | Entered Level 10 of the Dungeon
 14192 | D:10     | Reached skill level 5 in Invocations
 14198 | D:10     | Reached XP level 11. HP: 92/95 MP: 14/14
 14262 | D:10     | Noticed a fire dragon
 14291 | D:10     | Noticed Erolcha
 14298 | D:10     | Killed a fire dragon
 14299 | D:10     | Reached skill level 13 in Axes
 14312 | D:10     | Killed Erolcha
 14623 | D:10     | Noticed Fannar
 14636 | D:10     | Killed Fannar
 14780 | D:10     | Noticed Nergalle
 14832 | D:10     | Noticed a spectral orc warlord
 14834 | D:10     | Killed Nergalle
 15117 | D:10     | Received a gift from Nemelex Xobeh
 15117 | D:10     | Found a staircase to the Lair.
 15189 | D:10     | Reached *** piety under Nemelex Xobeh
 15361 | D:10     | Noticed Snorg
 15392 | D:10     | HP: 1/97 [Snorg (10)]
 15392 | D:10     | Demolished by Snorg

Illustrated notes

Levels and vault maps discovered:
D:1:      minmay_arrival_doors, layout_basic
D:2:      layout_rooms, grunt_ministairs_4, uniq_terence
D:3:      layout_loops_ring, nicolae_tso_besieged_by_evil
D:4:      minmay_general_purpose_star, layout_cave_pools,
          nicolae_ru_great_annihilating_truth, nicolae_ossuary_entry_giza
D:5:      minmay_thinvault, layout_basic, minmay_manual_maat
D:6:      layout_basic, minmay_temple_entry_enclosed_plants,
          nicolae_grassy_gnolls, uniq_maggie
D:7:      layout_loops_ring, nicolae_figureground_pulse, uniq_joseph
D:8:      layout_cave_pods, lemuel_doored_altar, nicolae_shop_overcharged_wands
D:9:      due_chaos_kobolds, layout_basic, uniq_harold
D:10:     layout_small_grid, eat_drink_and_be_merry_uskayaw,
          minmay_lair_entry_lava, minmay_misc_feat_five, uniq_snorg,
          uniq_erolcha, uniq_nergalle, uniq_fannar
Temple:   mainiacjoe_temple_coin_purse

Skill      XL: |  1  2  3  4  5  6  7  8  9 10 11 |
---------------+----------------------------------+-----
Axes           | 1 2 3 4 5 7 9 11 12 13 | 13.6
Fighting       | 2 3 4 5 7 8 9 |  9.1
Shields        | 3 4 5 7 8 |  8.6
Armour         | 6 7 8 10 11 | 11.0
Invocations    | 5 7 |  7.1
Short Blades   | |  2.0

Action                   |  1- 3 |  4- 6 |  7- 9 | 10-12 || total
-------------------------+-------+-------+-------+-------++-------
Melee: Short sword       |   131 |   242 |    28 |       ||   401
       Hand axe          |       |   185 |   607 |   179 ||   971
       Dagger            |       |    10 |       |       ||    10
       War axe           |       |       |       |   266 ||   266
Invok: Draw Destruction  |       |       |       |     6 ||     6
       Draw Escape       |       |       |       |     2 ||     2
       Draw Summoning    |       |       |       |     1 ||     1
  Use: Scroll            |     1 |     3 |    11 |     3 ||    18
       Potion            |       |       |     5 |     3 ||     8
 Stab: Paralysed         |       |       |     1 |       ||     1
       Invisible         |       |       |    11 |       ||    11
Armor: Chain mail        |    74 |   194 |   288 |   263 ||   819
Dodge: Dodged            |    43 |    98 |   256 |   185 ||   582
Block: Buckler           |    27 |    46 |   131 |   107 ||   311
